 Dungeon Crawl Stone Soup version 0.18.1-8-gdd0e5ea (webtiles) character file.

972 mindo the Magician (level 7, 0/43 HPs)
             Began as a High Elf Fire Elementalist on June 9, 2016.
             Slain by a centaur (5 damage)
             ... on level 7 of the Dungeon on June 10, 2016.
             The game lasted 01:13:53 (7827 turns).

mindo the Magician (High Elf Fire Elementalist)     Turns: 7827, Time: 01:13:54

Health: 0/43       AC:  4    Str:  7      XL:     7   Next: 94%
Magic:  13/16      EV: 14    Int: 20 (22) God:
Gold:   240        SH:  4    Dex: 15      Spells: 4 memorised, 4 levels left

rFire  . . .     SeeInvis .     l - +2 mace (freeze)
rCold  . . .     Gourm    .     a - +0 robe
rNeg   . . .     Faith    .     (no shield)
rPois  +         Spirit   .     (no helmet)
rElec  .         Dismiss  .     h - +0 cloak
rCorr  .         Reflect  +     (no gloves)
SustAt .         Harm     .     x - +0 pair of boots
MR     .....                    f - +4 amulet of reflection
Stlth  ++........               (no ring)
                                n - ring of poison resistance

@: not resistant to hostile enchantments, unstealthy
A: no striking features
a: no special abilities


You were on level 7 of the Dungeon.
You were hungry.

You visited 1 branch of the dungeon, and saw 7 of its levels.

You collected 240 gold pieces.

Inventory:

Hand Weapons
 j - a +2 short sword of draining
 l - a +2 mace of freezing (weapon)
 v - a +0 blowgun
Missiles
 r - 27 arrows
 w - 6 poisoned needles
Armour
 a - a +0 robe (worn)
 h - a +0 cloak (worn)
 s - a +0 robe
 x - a +0 pair of boots (worn)
Jewellery
 d - an uncursed amulet of faith
 f - a +4 amulet of reflection (around neck)
 n - a ring of poison resistance (left hand)
Wands
 i - a wand of disintegration (0/24)
 z - a wand of lightning (0/15)
 C - a wand of polymorph (9/24)
Scrolls
 e - 2 scrolls of enchant armour
 g - a scroll of remove curse
 p - a scroll of enchant weapon
 q - a scroll of amnesia
 y - 2 scrolls of identify
 A - a scroll of brand weapon {unknown}
Potions
 k - a potion of cancellation
 u - 2 potions of cure mutation
Books
 b - a book of Flames

   Spells                             Type                      Level
   a - Flame Tongue                   Conjuration/Fire             1
   b - Throw Flame                    Conjuration/Fire             2
   c - Conjure Flame                  Conjuration/Fire             3
   d - Inner Flame                    Hexes/Fire                   3
   e - Sticky Flame                   Conjuration/Fire             4
   f - Fireball                       Conjuration/Fire             5
 B - a book of Changes

   Spells                             Type                      Level
   a - Beastly Appendage              Transmutation                1
   b - Sticks to Snakes               Transmutation                2
   c - Spider Form                    Transmutation/Poison         3
   d - Ice Form                       Ice/Transmutation            4
   e - Blade Hands                    Transmutation                5
Comestibles
 c - 3 bread rations
 o - a meat ration


   Skills:
 + Level 1.1 Fighting
 + Level 0.2 Short Blades
 + Level 4.0 Dodging
 + Level 3.3 Stealth
 + Level 5.9 Spellcasting
 + Level 4.8 Conjurations
 + Level 5.4 Fire Magic
 + Level 0.6 Evocations


You had 4 spell levels left.
You knew the following spells:

 Your Spells              Type           Power        Failure   Level  Hunger
a - Flame Tongue          Conj/Fire      ####.        1%          1    None
b - Conjure Flame         Conj/Fire      ####....     4%          3    ##.....
c - Fireball              Conj/Fire      ####......   38%         5    #####..
d - Sticky Flame          Conj/Fire      ####....     14%         4    ####...


Dungeon Overview and Level Annotations

Branches:
Dungeon (7/15)
 Temple: D:4-7

Altars:
Ashenzari
Pakellas
Yredelemnul
Zin

Annotations:
D:4 Menkaure
D:5 Scarto's ghost, novice DsFi
D:7 Pikel


Message History

The centaur hits you but does no damage.
Casting: Flame Tongue
Confirm with . or Enter, or press ? or * to list all spells.
Aiming: Flame Tongue
Press: ? - help, Shift-Dir - straight line, f/p - centaur
Aim: a centaur (heavily wounded)
The flame tongue hits the centaur.
The centaur is heavily wounded.
The centaur closely misses you.
Casting: Flame Tongue
Confirm with . or Enter, or press ? or * to list all spells.
Aiming: Flame Tongue
Press: ? - help, Shift-Dir - straight line, f/p - centaur
Aim: a centaur (heavily wounded)
The flame tongue hits the centaur.
The centaur is severely wounded.
The centaur hits you.
* * * LOW HITPOINT WARNING * * *
The centaur hits you.
You die...

## #####...# #....H..# #
#.###.### ### #.# #(# #_. ###+###
..## ##.## #(# #..##.....## #..##
##...## #(# #'.......+ ....#
#.....####.### ##....8.... ##..##
...#....@c.####...8...8..
..#..####.##.#####.##.#..c((.....
..#.....#.##.# #(..('c.8..8..8.
..####.......# ####.#.......(..
+##.⌠#..#.#### ###...8...8..
..........# ##....8....
.....###..# #'.......+
....#.....## #..##.....##
_...+...#..# #_. ###+###


You could see a centaur.

Vanquished Creatures
  A slave (D:7)
  An ogre (D:7)
  A phantom (D:6)
  A centaur (D:6)
  A giant frog (D:6)
  The ghost of santipi the Sneak, an amateur SpEn of Sif Muna (D:3)
  A wight (D:5)
  A centaur zombie (D:7)
  A giant frog skeleton (D:4)
  3 hounds
  A centaur skeleton (D:7)
  An orc priest (D:4)
  Natasha (twice) (D:4)
  3 worker ants
  Robin (D:2)
  5 adders
  4 gnolls
  A shadow imp (D:5)
  3 worms
  4 dart slugs
  8 orcs
  4 ball pythons
  3 bats
  4 giant cockroaches
  10 hobgoblins
  15 jackals
  9 kobolds
  A quokka (D:2)
  5 giant newts
  15 goblins
  2 quokka skeletons
  16 rats
129 creatures vanquished.

Notes
Turn   | Place    | Note
--------------------------------------------------------------
     0 | D:1      | mindo the High Elf Fire Elementalist began the quest for the Orb.
     0 | D:1      | Reached XP level 1. HP: 11/11 MP: 4/4
   368 | D:1      | Reached XP level 2. HP: 12/17 MP: 2/6
  1032 | D:2      | Noticed Robin
  1148 | D:2      | Reached XP level 3. HP: 21/21 MP: 5/8
  1154 | D:2      | Learned a level 3 spell: Conjure Flame
  1845 | D:2      | Reached XP level 4. HP: 27/27 MP: 0/9
  1980 | D:2      | Killed Robin
  2376 | D:3      | Noticed santipi's ghost (amateur SpEn)
  2913 | D:3      | Reached XP level 5. HP: 25/31 MP: 0/11
  3367 | D:2      | Learned a level 5 spell: Fireball
  3405 | D:3      | Killed santipi's ghost
  4015 | D:3      | Found a basalt altar of Yredelemnul.
  4610 | D:4      | Reached XP level 6. HP: 30/37 MP: 9/13
  5096 | D:4      | Noticed Natasha
  5125 | D:4      | Killed Natasha
  5208 | D:4      | Noticed Natasha
  5217 | D:4      | Killed Natasha
  5514 | D:4      | Noticed Menkaure
  5542 | D:5      | Entered Level 5 of the Dungeon
  5568 | D:5      | Noticed Scarto's ghost (novice DsFi)
  6072 | D:5      | Learned a level 4 spell: Sticky Flame
  6280 | D:5      | Reached XP level 7. HP: 42/42 MP: 6/15
  6334 | D:6      | Reached skill level 5 in Spellcasting
  6355 | D:6      | Reached skill level 5 in Fire Magic
  7220 | D:7      | Noticed Pikel
  7404 | D:7      | Reached skill level 1 in Fighting
  7626 | D:7      | Found a shattered altar of Ashenzari.
  7772 | D:7      | Found a glowing silver altar of Zin.
  7781 | D:7      | Found an oddly glowing altar of Pakellas.
  7812 | D:7      | Noticed a hippogriff
  7827 | D:7      | Slain by a centaur

Skill      XL: |  1  2  3  4  5  6  7 |
---------------+----------------------+-----
Spellcasting   | 3 4 5 |  5.9
Conjurations   | 2 3 4 |  4.8
Dodging        | 3 4 |  4.0
Fire Magic     | 4 5 |  5.4
Stealth        | 3 |  3.3
Fighting       | 1 |  1.1
Short Blades   | |  0.2
Evocations     | |  0.6

Action                   |  1- 3 |  4- 6 |  7- 9 || total
-------------------------+-------+-------+-------++-------
Melee: Dagger            |     4 |       |       ||     4
       Unarmed           |     1 |       |       ||     1
       Short sword       |    35 |    27 |       ||    62
       Mace              |       |       |    13 ||    13
 Cast: Flame Tongue      |    68 |   181 |    59 ||   308
       Conjure Flame     |     4 |    21 |    16 ||    41
       Sticky Flame      |       |       |     1 ||     1
Evoke: Wand              |       |     7 |     1 ||     8
  Use: Scroll            |       |     7 |     3 ||    10
       Potion            |       |     5 |     5 ||    10
 Stab: Invisible         |       |     1 |       ||     1
  Eat: Bread ration      |     1 |     1 |       ||     2
       Pizza             |       |     1 |       ||     1
       Beef jerky        |       |     1 |       ||     1
       Meat ration       |       |     1 |     1 ||     2
       Fruit             |       |     3 |       ||     3
Armor: Robe              |     7 |    30 |    16 ||    53
Dodge: Dodged            |    36 |    94 |    52 ||   182
Block: Other             |       |     1 |    14 ||    15
       Reflection        |       |       |     2 ||     2
